 Dungeon Crawl Stone Soup version 0.17.0-26-gececa24 (webtiles) character file.

12640 Ivanskos the Fighter (level 11, -4/121 HPs)
             Began as a Deep Dwarf Fighter on Nov 20, 2015.
             Was a High Priest of Makhleb.
             Slain by a red very ugly thing (13 damage)
             ... on level 1 of the Abyss.
             The game lasted 01:36:28 (9729 turns).

Ivanskos the Fighter (Deep Dwarf Fighter)           Turns: 9729, Time: 01:36:28

Health: -4/121     AC: 23    Str: 21    XL:     11   Next: 65%
Magic:  5/8        EV:  3    Int: -7 (9) God:    Makhleb [*****.]
Gold:   115        SH: 17    Dex: 12    Spells: 0 memorised, 10 levels left

rFire  + . .     SeeInvis .     a - +3 war axe
rCold  . . .     Clarity  .     m - +1 crystal plate armour
rNeg   . . .     SustAt   .     B - +0 large shield
rPois  .         Gourm    .     l - +0 helmet
rElec  .         Spirit   .     (no cloak)
rCorr  .         Warding  .     h - +0 pair of gloves
rMut   .         Stasis   .     (no boots)
MR     ++...                    C - amulet of rage
Stlth  ..........               o - ring of protection from fire
                                u - ring of protection from magic

@: liquid flames, non-regenerating, slowed, lost intelligence, glowing, very
slow, very resistant to hostile enchantments, extremely unstealthy
A: damage resistance, recharge devices, mutation resistance 1, sense
surroundings 2, robust 1, screaming 1, slow regeneration 3, weak 1, MP-powered
wands
a: Device Recharging, Minor Destruction, Lesser Servant of Makhleb, Major
Destruction, Greater Servant of Makhleb, Renounce Religion, Evoke Berserk Rage


You were on level 1 of the Abyss.
You worshipped Makhleb.
Makhleb was extremely pleased with you.
You were not hungry.

You visited 2 branches of the dungeon, and saw 12 of its levels.
You visited the Abyss 1 time.
You also visited: Sewer.

You collected 504 gold pieces.
You spent 389 gold pieces at shops.

Inventory:

Hand Weapons
 a - a +3 war axe (weapon)
Armour
 h - a +0 pair of gloves (worn)
 l - a +0 helmet (worn)
 m - a +1 crystal plate armour (worn)
 B - a +0 large shield (worn)
Jewellery
 o - a ring of protection from fire (right hand)
 t - an uncursed amulet of the gourmand
 u - a ring of protection from magic (left hand)
 x - an uncursed amulet of stasis
 C - an amulet of rage (around neck)
Wands
 b - a wand of draining (6)
 e - a wand of heal wounds (0)
 w - a wand of cold (0)
 y - a wand of confusion (24)
 E - a wand of cold (6)
 F - a wand of disintegration (8)
Scrolls
 g - 2 scrolls of magic mapping
 j - a scroll of fog
 p - 3 scrolls of remove curse
 s - a scroll of teleportation
 A - a scroll of amnesia
 L - a scroll of identify
Potions
 c - 2 potions of beneficial mutation
 d - a potion of brilliance
 i - 3 potions of curing
 k - 4 potions of flight
 n - 2 potions of cancellation
 D - a potion of haste
 G - a potion of invisibility
 J - a potion of berserk rage {unknown}
Books
 v - a book of Spatial Translocations

   Spells                             Type                      Level
   a - Apportation                    Translocation                1
   b - Blink                          Translocation                2
   c - Shroud of Golubria             Charms/Translocation         2
   d - Portal Projectile              Translocation                3
   e - Teleport Other                 Translocation                3
   f - Passage of Golubria            Translocation                4
 z - a book of Alchemy

   Spells                             Type                      Level
   a - Sublimation of Blood           Necromancy                   2
   b - Ignite Poison                  Fire/Transmutation/Poison    3
   c - Alistair's Intoxication        Transmutation/Poison         4
   d - Condensation Shield            Ice                          4
   e - Petrify                        Transmutation/Earth          4
   f - Irradiate                      Conjuration/Transmutation    5
Comestibles
 f - 5 bread rations
 H - 2 beef jerkies
 I - a royal jelly


   Skills:
 * Level 10.4 Fighting
 + Level 8.7 Axes
 + Level 8.9 Armour
 + Level 8.5 Dodging
 + Level 9.1 Shields


You had 10 spell levels left.
You didn't know any spells.

Dungeon Overview and Level Annotations

Branches:
Dungeon (11/15)            Temple (1/1) D:5             Orc (0/4) D:9
   Lair: D:8-11

Altars:
Ashenzari
Cheibriados
Dithmenos
Elyvilon
Fedhas
Gozag
Kikubaaqudgha
Makhleb
Nemelex Xobeh
Okawaru
Qazlal
Ru
Sif Muna
Trog
Vehumet
Xom
Yredelemnul
Zin
The Shining One

Shops:
D:5 *   D:10 ?

Annotations:
D:11 Sonja


Innate Abilities, Weirdness & Mutations

You are resistant to damage.
You can recharge devices by infusing magical energy.
You passively map the area around you.
You do not regenerate naturally.
You are somewhat resistant to further mutation.
You are robust (+10% HP).
You occasionally shout uncontrollably at your foes.
You are weak. (Str -2)
You expend magic power (3 MP) to strengthen your wands.


Message History

You are covered in liquid flames!
Zapping:
y - a wand of confusion (will waste charges)
Press: ? - help, Shift-Dir - straight line, f - starcursed mass
Aim: a starcursed mass (chance to defeat MR: 2%)
The starcursed mass resists with almost no effort.
Evoking this partially-identified wand wasted a few charges.
You are covered in liquid flames!
The starcursed mass engulfs you!
* * * LOW HITPOINT WARNING * * *
You block the red very ugly thing's attack.
You block the starcursed mass's attack.
Evoke which item? (* to show all) (? for menu, Esc to quit)
Okay, then.
Press: ? - help, Shift-Dir - straight line, f - red very ugly thing
Aim: a red very ugly thing (lightly wounded)
You fail to use your ability.
You are covered in liquid flames!
* * * LOW HITPOINT WARNING * * *
The red very ugly thing gores you!
You die...

. . K# ## .
55.... ##. .
...5. #... #5#5
#...# #55##. #
5X## # #5#5#X##
###. #@# . ##
##.###u# .
#####555#..#..#
. .X5
5§###....## #
#3#.. ##.##
#..#X5##..##..##
# #.## #. .#.# .
. ... ##... .#..
†# #...


You could see 2 starcursed masses, a red very ugly thing, 2 iron imps, a crimson
imp and a shadow imp.

Vanquished Creatures
  A thrashing horror (Abyss:1)
  The ghost of Shensi the Chopper, a novice CeFi of the Shining One (D:7)
  A hill giant (D:11)
  An ugly thing (D:6)
  A centaur zombie (D:11)
  Maurice (D:8)
  Psyche (D:8)
  A smoke demon (Abyss:1)
  A centaur skeleton (D:10)
  A hellwing (Abyss:1)
  2 trolls
  A two-headed ogre (D:9)
  A wyvern (D:10)
  Eustachio (D:6)
  A hippogriff (D:9)
  5 yaks (D:9)
  A hungry ghost (D:11)
  A chaos spawn (Abyss:1)
  Menkaure (D:5)
  Edmund (D:6)
  2 water moccasins (D:9)
  Duvessa (D:6)
  4 orc warriors
  A black bear (D:7)
  2 sky beasts
  A swamp drake (D:9)
  A wasp (D:9)
  2 necrophages (D:8)
  An ice beast (D:10)
  5 phantoms
  3 ogres
  6 centaurs
  2 big kobolds
  2 brain worms
  6 giant frogs
  Dowan (D:6)
  2 gnoll sergeants
  4 scorpions
  11 killer bees
  7 wights (D:10)
  6 crimson imps
  A quasit (Abyss:1)
  5 orc priests
  An iron imp (Abyss:1)
  3 hounds
  Crazy Yiuf (D:2)
  10 jellies
  7 orc wizards
  5 iguanas
  Terence (D:2)
  7 worker ants
  A hound skeleton (D:6)
  13 adders
  14 gnolls
  2 river rats
  4 shadow imps
  3 white imps (Abyss:1)
  15 oozes (D:9)
  An adder skeleton (D:6)
  2 worms (D:2)
  4 giant geckos
  52 orcs
  4 ball pythons
  3 giant cockroaches
  9 goblins
  7 hobgoblins
  7 jackals
  10 kobolds
  7 quokkas
  5 bats
  A giant gecko skeleton (D:4)
  4 giant newts
  A jackal skeleton (D:5)
  A jackal zombie (D:6)
  A quokka zombie (D:6)
  8 rats
315 creatures vanquished.

Vanquished Creatures (collateral kills)
  An oklob plant (D:9)
  A centaur skeleton (D:11)
  A fungus (D:9)
3 creatures vanquished.

Vanquished Creatures (others)
  An orc wizard (D:9)
  An orc (D:9)
  4 fungi
6 creatures vanquished.

Grand Total: 324 creatures vanquished

Notes
Turn   | Place    | Note
--------------------------------------------------------------
     0 | D:1      | Ivanskos the Deep Dwarf Fighter began the quest for the Orb.
     0 | D:1      | Reached XP level 1. HP: 20/20 MP: 1/1
   291 | D:1      | Reached XP level 2. HP: 27/27 MP: 2/2
   572 | D:1      | Reached skill level 1 in Dodging
   824 | D:2      | Noticed Terence
   833 | D:2      | Killed Terence
   833 | D:2      | Reached XP level 3. HP: 24/34 MP: 3/3
   897 | D:2      | Reached XP level 4. HP: 19/42 MP: 4/4
  1393 | D:2      | Noticed Crazy Yiuf
  1398 | D:2      | Killed Crazy Yiuf
  1469 | D:3      | Found a sacrificial altar of Ru.
  1577 | D:3      | Found a glowing drain.
  1581 | D:3      | Reached XP level 5. HP: 44/49 MP: 5/5
  1599 | Sewer    | Entered a sewer
  1609 | Sewer    | Reached skill level 4 in Shields
  1677 | Sewer    | Found a glowing silver altar of Zin.
  1837 | D:3      | Found a sacrificial altar of Ru.
  2704 | D:4      | Noticed an ogre
  2712 | D:4      | Killed an ogre
  2712 | D:4      | Reached XP level 6. HP: 34/57 MP: 6/6
  2992 | D:5      | Entered Level 5 of the Dungeon
  3156 | D:5      | Reached XP level 7. HP: 44/66 MP: 7/7
  3283 | D:5      | Noticed Menkaure
  3294 | D:5      | Killed Menkaure
  3294 | D:5      | Reached skill level 5 in Fighting
  3346 | D:5      | Gained mutation: You are weak. (Str -2) [potion of mutation]
  3346 | D:5      | Gained mutation: You occasionally shout uncontrollably at your foes. [potion of mutation]
  3346 | D:5      | Gained mutation: You are robust (+10% HP). [potion of mutation]
  3448 | D:5      | Found a staircase to the Ecumenical Temple.
  3454 | Temple   | Entered the Ecumenical Temple
  3612 | Temple   | Became a worshipper of Makhleb the Destroyer
  3750 | D:5      | Found Cairon's General Store.
  3757 | D:5      | Bought a scroll of identify for 30 gold pieces
  3757 | D:5      | Bought a potion of lignification for 45 gold pieces
  3757 | D:5      | Bought a +0 scale mail for 60 gold pieces
  3900 | D:5      | Reached skill level 5 in Shields
  4329 | D:6      | Noticed Eustachio
  4347 | D:6      | Killed Eustachio
  4347 | D:6      | Reached * piety under Makhleb
  4347 | D:6      | Reached skill level 5 in Armour
  4347 | D:6      | Reached XP level 8. HP: 71/83 MP: 8/8
  4411 | D:6      | Noticed a brown ugly thing
  4436 | D:6      | Reached skill level 6 in Fighting
  4480 | D:6      | Killed a brown ugly thing
  4480 | D:6      | Reached skill level 5 in Axes
  4486 | D:6      | Gained mutation: You expend magic power (3 MP) to strengthen your wands. [potion of mutation]
  4486 | D:6      | Gained mutation: You are somewhat resistant to further mutation. [potion of mutation]
  4562 | D:6      | Reached skill level 5 in Dodging
  4713 | D:6      | Noticed Edmund
  4741 | D:6      | Killed Edmund
  4774 | D:6      | Gained mutation: You passively map the area around you. [Deep Dwarf growth]
  4774 | D:6      | Reached XP level 9. HP: 24/93 MP: 3/8
  4776 | D:6      | Reached skill level 7 in Fighting
  4962 | D:6      | Noticed Duvessa
  4962 | D:6      | Noticed Dowan
  4987 | D:6      | Killed Duvessa
  5000 | D:6      | Killed Dowan
  5339 | D:7      | Noticed Shensi's ghost (novice CeFi)
  5387 | D:7      | Killed Shensi's ghost
  5707 | D:7      | Reached ** piety under Makhleb
  5742 | D:8      | Reached skill level 8 in Fighting
  6028 | D:8      | Reached XP level 10. HP: 64/105 MP: 7/7
  6317 | D:8      | Noticed Maurice
  6352 | D:8      | Killed Maurice
  6563 | D:8      | Noticed Psyche
  6575 | D:8      | Killed Psyche
  6638 | D:8      | Reached *** piety under Makhleb
  7009 | D:9      | Reached skill level 9 in Fighting
  7560 | D:9      | Reached **** piety under Makhleb
  7734 | D:9      | Found a staircase to the Orcish Mines.
  7873 | D:9      | Noticed an oklob plant
  8015 | D:9      | Reached ***** piety under Makhleb
  8227 | D:9      | Reached XP level 11. HP: 96/118 MP: 8/8
  8511 | D:9      | Killed an oklob plant
  8543 | D:10     | Entered Level 10 of the Dungeon
  8546 | D:10     | Found Zoteoz's Magic Scroll Boutique.
  8580 | D:10     | Bought a scroll of identify for 30 gold pieces
  8580 | D:10     | Bought a scroll of enchant weapon for 112 gold pieces
  8580 | D:10     | Bought a scroll of enchant armour for 112 gold pieces
  8915 | D:10     | Reached skill level 10 in Fighting
  9465 | D:11     | Noticed a hill giant
  9470 | D:11     | Noticed Sonja
  9479 | D:11     | Killed a hill giant
  9490 | D:11     | Cast into the Abyss (Sonja)
  9618 | Abyss:1  | Noticed a thrashing horror
  9636 | Abyss:1  | Killed a thrashing horror
  9685 | Abyss:1  | Lost intelligence.
  9690 | Abyss:1  | Noticed a starcursed mass
  9696 | Abyss:1  | Noticed a green death
  9716 | Abyss:1  | Noticed a red very ugly thing
  9717 | Abyss:1  | Noticed a deep elf summoner
  9726 | Abyss:1  | Noticed a starcursed mass
  9729 | Abyss:1  | Slain by a red very ugly thing

Action                   |  1- 3 |  4- 6 |  7- 9 | 10-12 || total
-------------------------+-------+-------+-------+-------++-------
Melee: War axe           |    97 |   201 |   482 |   766 ||  1546
Invok: Lesser Servant of |       |       |       |     3 ||     3
       Greater Servant o |       |       |       |     1 ||     1
 Abil: Device Recharging |       |       |     3 |       ||     3
Evoke: Wand              |       |     2 |    20 |     4 ||    26
  Use: Potion            |     1 |     2 |    10 |     1 ||    14
       Scroll            |       |     9 |     8 |     9 ||    26
 Stab: Distracted        |       |       |       |     1 ||     1
  Eat: Royal jelly       |       |     1 |       |       ||     1
       Meat ration       |       |     1 |       |     3 ||     4
       Bread ration      |       |       |     2 |       ||     2
       Beef jerky        |       |       |     2 |       ||     2
       Pizza             |       |       |       |     1 ||     1
